Map: [ESL] Alcyone

Players

FoxeR

  • Race: Terran Terran
  • Spawn Location: 1:00

SHIN - Winner!

  • Race: Zerg Zerg
  • Spawn Location: 7:00

Event: ESL SC2 Masters 2023 Winter (Finals)

VOD

Have the link to the VOD?

Description

Time

  • Played on: Dec. 15, 2023, 11:22 a.m.
  • Length: 11:48

All games in this series

Show
View Real Time Build Order
Export as new Build Order

FoxeR Terran 

Build Orders: Reaper Expand 

Get SALT Encoding   

  12  0:00  SCV  
  13  0:12  SCV  
  14  0:16  Supply Depot  
  14  0:24  SCV  
  15  0:38  SCV  
  15  0:40  Barracks  
  16  0:43  Refinery  
  16  0:50  SCV  
  17  1:02  SCV  
  18  1:14  SCV  
  19  1:27  Orbital Command, Reaper  
  20  1:38  Command Center  
  20  1:48  Supply Depot  
  20  1:52  SCV  
  21  1:59  Marine  
  22  2:05  SCV  
  23  2:08  Factory  
  22  2:19  SCV  
  22  2:20  Barracks Reactor  
  23  2:32  SCV  
  24  2:42  Command Center  
  24  2:45  SCV  
  25  2:57  SCV  
  26  2:59  Orbital Command  
  26  3:03  Hellion, Refinery  
  28  3:08  Hellion  
  28  3:11  SCV  
  31  3:18  Starport  
  31  3:23  SCV  
  31  3:25  SCV  
  33  3:29  Hellion  
  37  3:34  Barracks Tech Lab, Hellion  
  37  3:41  SCV x2  
  39  3:52  Hellion  
  39  3:53  SCV  
  39  3:54  Orbital Command  
  44  4:00  SCV  
  45  4:05  SCV  
  45  4:06  Viking  
  48  4:14  SCV  
  48  4:16  Bunker  
  46  4:21  SCV  
  43  4:26  SCV  
  43  4:30  Siege Tank  
  43  4:33  SCV  
  43  4:37  Barracks  
  43  4:38  Barracks, SCV x2  
  46  4:39  Marine x2  
  48  4:46  SCV  
  48  4:50  SCV  
  48  4:51  Liberator  
  53  4:53  SCV  
  53  4:56  Supply Depot  
  53  4:57  Marine  
  53  4:58  Supply Depot, SCV  
  56  5:02  SCV  
  57  5:08  Marine  
  57  5:12  SCV  
  57  5:13  Supply Depot x2  
  59  5:14  Orbital Command  
  59  5:15  Marine  
  59  5:17  SCV  
  64  5:22  Engineering Bay  
  64  5:23  Engineering Bay  
  64  5:27  Marine  
  66  5:32  SCV x2  
  66  5:34  Marine, Refinery  
  66  5:35  Barracks Tech Lab, Refinery  
  65  5:37  Factory Tech Lab  
  65  5:40  Marine  
  65  5:42  Starport Reactor  
  66  5:43  SCV  
  66  5:45  Marine  
  66  5:46  SCV  
  66  5:49  Stimpack, Supply Depot  
  67  5:51  Marine, Supply Depot  
  67  5:52  SCV  
  67  5:56  Marine  
  67  5:57  Combat Shield  
  70  5:58  Marine, SCV  
  70  6:00  SCV  
  70  6:01  Barracks  
  70  6:02  Barracks, Terran Infantry Weapons Level 1, Supply Depot  
  73  6:04  SCV  
  73  6:07  Terran Infantry Armor Level 1  
  73  6:08  Marine  
  73  6:10  SCV  
  76  6:13  Marine  
  76  6:14  Marine  
  76  6:17  SCV  
  76  6:18  Marine  
  80  6:20  Supply Depot  
  80  6:21  Siege Tank  
  80  6:22  SCV  
  80  6:23  SCV  
  85  6:26  Marine  
  85  6:28  Medivac x2  
  85  6:29  SCV  
  85  6:31  Marine  
  85  6:32  Marine  
  93  6:35  Marine, Supply Depot, SCV  
  93  6:37  SCV  
  96  6:42  Supply Depot  
  96  6:43  SCV  
  96  6:44  Factory, Marine  
  96  6:47  SCV  
  99  6:49  SCV, Marine  
  99  6:52  Barracks Reactor  
  99  6:53  Barracks Reactor, Marine  
  103  6:54  Armory  
  103  6:56  SCV  
  103  6:59  SCV  
  103  7:00  Supply Depot  
  104  7:01  SCV  
  104  7:02  Marine  
  104  7:03  Marine  
  104  7:06  Siege Tank  
  104  7:07  Marine  
  111  7:10  SCV  
  111  7:12  Medivac  
  111  7:14  Refinery x2  
  114  7:17  Marine, Supply Depot  
  114  7:20  Marine  
  114  7:21  Medivac, Marine  
  114  7:22  SCV x2  
  121  7:26  Supply Depot  
  121  7:29  Factory Tech Lab  
  122  7:30  Marine x4  
  122  7:35  Marine  
  126  7:40  Command Center  
  120  7:57  SCV x2  
  120  7:58  Siege Tank  
  125  8:00  Medivac x2  
  125  8:03  Marine  
  125  8:04  Marine x2  
  131  8:05  Siege Tank  
  131  8:08  Supply Depot, Marine x2  
  131  8:09  Terran Infantry Weapons Level 2, Supply Depot  
  133  8:19  Barracks  
  133  8:20  Barracks x2, SCV x3  
  135  8:30  Siege Tank  
  135  8:31  Marine x7  
  145  8:34  Supply Depot  
  145  8:35  SCV x2  
  145  8:38  Marine  
  148  8:45  Siege Tank  
  149  8:48  Marine  
  149  8:49  Marine x4  
  149  8:50  Sensor Tower  
  149  8:53  SCV  
  149  8:54  Supply Depot  
  149  8:55  Sensor Tower  
  155  8:58  Marine  
  156  9:03  Marine  
  156  9:06  Terran Infantry Armor Level 2, Marine x3  
  156  9:07  Terran Vehicle Weapons Level 1  
  160  9:15  Marine x6  
  166  9:20  Planetary Fortress  
  166  9:24  Marine  
  166  9:25  Marine  
  166  9:30  Command Center  
  168  9:37  Siege Tank  
  171  9:40  Marine x2  
  171  9:41  Siege Tank  
  175  9:57  Marine  
  173  10:04  Engineering Bay x2  
  171  10:09  Siege Tank  
  171  10:12  Marine  
  171  10:13  Siege Tank  
  147  10:16  Marine  
  141  10:21  Command Center  
  141  10:24  Command Center  
  141  10:25  Marine x9  
  150  10:33  Marine  
  150  10:34  Sensor Tower, Marine  
  152  10:41  Siege Tank  
  155  10:42  Marine  
  155  10:45  Siege Tank  
  155  10:46  Marine  
  155  10:47  Marine x5  
  158  11:07  SCV x2  
  160  11:13  Siege Tank  
  160  11:16  Marine  
  166  11:26  Barracks Tech Lab x3  
  166  11:27  Ghost Academy  
Show
View Real Time Build Order
Export as new Build Order

SHIN Zerg - Winner!

Build Orders: Pool First 

Get SALT Encoding   

  12  0:00  Drone  
  13  0:07  Drone  
  14  0:16  Overlord  
  14  0:35  Drone x2  
  15  0:39  Spawning Pool  
  16  0:42  Drone  
  16  0:46  Drone  
  17  1:07  Hatchery  
  17  1:10  Drone  
  17  1:26  Zergling x4  
  17  1:29  Zergling x2  
  20  1:37  Queen  
  22  1:46  Overlord  
  22  1:56  Hatchery  
  22  1:58  Drone  
  22  2:07  Drone  
  23  2:12  Queen  
  23  2:14  Drone  
  26  2:18  Drone  
  27  2:29  Drone x2  
  28  2:32  Queen  
  28  2:34  Drone  
  31  2:40  Drone  
  31  2:46  Drone x3  
  31  2:50  Overlord  
  34  2:53  Drone  
  35  3:05  Extractor, Drone  
  35  3:08  Queen  
  35  3:10  Roach Warren  
  35  3:11  Drone  
  37  3:13  Drone  
  37  3:15  Drone  
  37  3:17  Drone  
  40  3:22  Overlord  
  40  3:23  Drone  
  41  3:27  Extractor  
  41  3:28  Overlord  
  41  3:30  Drone  
  41  3:34  Drone x2  
  43  3:36  Drone  
  43  3:39  Overlord  
  44  3:42  Drone  
  45  3:52  Roach x2  
  49  3:56  Roach, Overlord  
  49  4:00  Drone x4  
  55  4:03  Roach  
  55  4:06  Roach  
  59  4:12  Drone x4  
  63  4:17  Drone, Roach  
  63  4:19  Drone  
  63  4:21  Drone  
  64  4:25  Drone x2  
  64  4:29  Drone  
  64  4:30  Drone  
  68  4:32  Drone  
  68  4:34  Drone  
  70  4:38  Drone x2  
  70  4:44  Drone x4  
  76  4:48  Overlord  
  76  4:49  Drone  
  76  4:50  Drone  
  78  4:53  Drone x3  
  78  4:58  Lair  
  81  5:00  Overlord  
  81  5:02  Overlord  
  81  5:06  Drone, Overlord  
  81  5:07  Drone  
  81  5:10  Extractor  
  81  5:11  Drone  
  81  5:12  Extractor, Drone  
  82  5:18  Queen  
  82  5:19  Drone x2, Overlord  
  82  5:20  Extractor x2  
  84  5:22  Drone x3  
  84  5:27  Drone x4  
  91  5:31  Evolution Chamber  
  91  5:32  Evolution Chamber  
  91  5:33  Drone x2  
  91  5:41  Drone  
  92  5:43  Overlord  
  92  5:44  Roach x3  
  92  5:48  Hatchery  
  97  5:53  Spore Crawler x2  
  95  5:59  Zerg Missile Weapons Level 1, Zerg Ground Armor Level 1  
  95  6:00  Glial Reconstitution  
  95  6:01  Drone  
  95  6:03  Drone, Spore Crawler  
  96  6:06  Metabolic Boost  
  96  6:09  Infestation Pit  
  96  6:10  Roach  
  97  6:13  Overlord  
  97  6:15  Roach x2  
  101  6:20  Overlord  
  101  6:21  Ravager x2  
  101  6:23  Drone x2  
  105  6:27  Zergling x8, Roach  
  111  6:33  Queen  
  111  6:35  Ravager x3  
  111  6:37  Overlord  
  116  6:42  Zergling x12, Roach  
  124  6:47  Hive  
  124  6:50  Drone x4  
  128  7:00  Drone x4  
  132  7:02  Extractor  
  132  7:03  Roach  
  132  7:07  Overlord  
  132  7:08  Zergling x4, Baneling Nest, Roach x2  
  138  7:10  Overlord  
  138  7:13  Zergling x8  
  138  7:14  Overseer  
  140  7:18  Drone x2  
  140  7:21  Drone  
  140  7:22  Drone  
  144  7:26  Drone  
  145  7:31  Hatchery  
  145  7:33  Zergling x8, Roach  
  150  7:38  Overlord  
  150  7:44  Zergling x16, Roach  
  150  7:47  Roach  
  146  7:53  Zergling x2, Roach x2, Centrifugal Hooks  
  146  7:56  Spore Crawler  
  150  7:59  Zergling x6  
  150  8:03  Overlord x3  
  150  8:05  Zerg Melee Weapons Level 1  
  153  8:06  Zerg Ground Armor Level 2  
  153  8:11  Ravager x2  
  153  8:12  Pneumatized Carapace  
  155  8:14  Viper x3  
  155  8:16  Zergling x4  
  166  8:25  Adrenal Glands  
  166  8:26  Zergling x10, Roach  
  172  8:30  Overlord  
  172  8:34  Zergling x12, Roach  
  180  8:44  Zergling x14, Ultralisk Cavern  
  186  8:56  Drone x8  
  186  9:01  Baneling x16  
  194  9:08  Extractor  
  193  9:10  Extractor, Spore Crawler  
  193  9:12  Zergling x18  
  200  9:20  Overlord  
  200  9:21  Overlord  
  200  9:26  Overlord  
  200  9:35  Baneling x2  
  200  9:36  Baneling x5  
  199  9:38  Baneling x11  
  199  9:42  Chitinous Plating  
  199  9:52  Drone x2  
  200  9:55  Drone x2  
  198  10:01  Zergling x4  
  177  10:15  Zergling x28  
  186  10:22  Zergling x4, Ultralisk x2  
  186  10:27  Spine Crawler  
  199  10:35  Baneling x14  
  199  10:36  Baneling x11, Hatchery  
  199  10:40  Overseer  
  199  10:42  Hatchery  
  197  10:46  Baneling x8  
  197  10:50  Zergling x2  
  197  10:51  Zergling x8  
  200  11:00  Zergling x6  
  200  11:01  Anabolic Synthesis  
  193  11:19  Zergling x14  
  197  11:26  Zergling x6  
Tags
 
Add a new tag
Caveats
  • Supply blocks, unpowered buildings, or Contaminate may cause inaccurate times.
  • Supply counts are checked every 10 seconds.